 Dungeon Crawl Stone Soup version 0.31-a0-859-g9dce7d3444 (webtiles) character file.

Game seed: 16817227899885901742

2195 Pooter the Cleaver (level 9, -1/81 HPs)
             Began as a Minotaur Fighter on Oct 9, 2023.
             Was a Follower of Okawaru.
             Succumbed to Erica's bolt of poison
             ... on level 8 of the Dungeon on Oct 10, 2023.
             The game lasted 00:26:38 (6437 turns).

Pooter the Cleaver (Minotaur Fighter)               Turns: 6437, Time: 00:26:38

Health: -1/81      AC: 15    Str: 24    XL:     9   Next: 12%
Magic:  8/8        EV:  6    Int:  5    God:    Okawaru [*.....]
Gold:   341        SH:  5    Dex: 17    Spells: 8/8 levels left

rFire   + . .        a - +0 war axe
rCold   + . .        c - +0 buckler
rNeg    . . .        h - +1 plate armour
rPois   .            (helmet restricted)
rElec   .            (no cloak)
rCorr   .            k - +0 pair of gloves
SInv    .            (no boots)
Will    .....        (no amulet) Stlth
                     y - +6 ring of dexterity
HPRegen 0.33/turn    F - ring of protection from fire
MPRegen 0.11/turn

%: no passive effects
@: lethally poisoned (-1 -> -6), slowed, very slow
A: horns 2, retaliatory headbutt, iridescent scales 1, cold resistance 1, wild
magic 1
a: Renounce Religion, Heroism


You were on level 8 of the Dungeon.
You worshipped Okawaru.
Okawaru was aware of your devotion.
You visited 2 branches of the dungeon, and saw 9 of its levels.

You collected 341 gold pieces.

Inventory:

Hand Weapons
 a - a +0 war axe (weapon)
 b - a +0 sling
   (You found it on level 5 of the Dungeon)
 D - a +0 morningstar
   (You found it on level 6 of the Dungeon)
Missiles
 p - 5 poisoned darts
 C - 3 boomerangs
 Q - 77 stones (quivered)
Armour
 c - a +0 buckler (worn)
 h - a +1 plate armour (worn)
   (You found it on level 1 of the Dungeon)
 k - a +0 pair of gloves (worn)
   (You found it on level 1 of the Dungeon)
 o - an orb of energy
   (You found it on level 3 of the Dungeon)
Jewellery
 l - a ring of ice
   (You found it on level 4 of the Dungeon)
 y - a +6 ring of dexterity (left hand)
   (You found it on level 4 of the Dungeon)
 F - a ring of protection from fire (right hand)
   (You found it on level 6 of the Dungeon)
 W - a ring of wizardry
   (You found it on level 2 of the Dungeon)
Wands
 u - a wand of paralysis (9)
   (You found it on level 7 of the Dungeon)
 x - a wand of acid (3)
   (You found it on level 6 of the Dungeon)
 z - a wand of roots (3)
   (You found it on level 6 of the Dungeon)
Scrolls
 d - a scroll of poison {unknown}
 e - 6 scrolls of immolation {!r}
 f - a scroll of vulnerability {!r}
 j - 2 scrolls of amnesia
 n - a scroll of blinking {unknown}
 r - 2 scrolls of fear
 t - a scroll of teleportation {@r4}
 B - a scroll of fog
Potions
 g - 2 potions of haste {@q3}
 i - a potion of degeneration {unknown}
 m - a potion of attraction {!q}
 q - 2 potions of brilliance
 s - a potion of lignification {unknown}
 v - a potion of cancellation {unknown}
 w - 3 potions of enlightenment
 A - a potion of curing {unknown}
 E - a potion of invisibility {unknown}
 G - a potion of magic {unknown}


   Skills:
 + Level 8.1 Fighting
 * Level 10.5 Axes
 + Level 6.1 Ranged Weapons
 - Level 3.6 Armour
 - Level 3.6 Shields
 * Level 1.1 Invocations
 + Level 0.5 Evocations


You had 8 spell levels left.
You didn't know any spells.
Your spell library contained the following spells:

 Spells                   Type           Power      Damage    Failure   Level
 Necrotise                Necr           0%         1d4       100%        1
 Shock                    Conj/Air       0%         1d3       100%        1
 Scorch                   Fire           0%         2d5       100%        2
 Swiftness                Air            0%         N/A       100%        3
 Vampiric Draining        Necr           0%         2d6       100%        3
 Airstrike                Air            0%         2d(0-16)  100%        4
 Flame Wave               Conj/Fire      0%         2d4       100%        4
 Agony                    Necr           0%         N/A       100%        5
 Summon Cactus Giant      Summ           Unusable   N/A       N/A         6

Dungeon Overview and Level Annotations

Branches:
Dungeon (8/15) Zot: 26827  Temple (1/1) D:5 Zot: 5942
   Lair: D:8-11

Altars:
Cheibriados
Dithmenos
Elyvilon
Fedhas
Gozag
Hepliaklqana
Kikubaaqudgha
Makhleb
Nemelex Xobeh
Okawaru
Ru
Sif Muna
Trog
Uskayaw
Vehumet
Wu Jian
Xom
Yredelemnul
Zin
The Shining One

Shops:
D:4 (

Annotations:
D:8 Erica


Innate Abilities, Weirdness & Mutations

You have a pair of horns on your head.
You reflexively headbutt those who attack you in melee.
You are partially covered in iridescent scales. (AC +2)
Your flesh is cold resistant. (rC+)
Your spells are a little harder to cast, but a little more powerful.


Message History

Erica flickers and vanishes!
Deactivating autopickup; reactivate with Ctrl-A.
You barely miss something. Something hits you! Something burns you.
Aiming: Fastroot
Press: ? - help, Shift-Dir - straight line The roots erupt in riotous growth!
Roots grab something.
The grasping roots constrict something.
You hear a shout!
You hear some strange, mumbled words.
A bolt of poison appears from out of thin air!
The bolt of poison hits you!!
You are poisoned.
You hear some strange, mumbled words.
A bolt of poison appears from out of thin air!
The bolt of poison hits you!
You are more poisoned.
* * * LOW HITPOINT WARNING * * *
You barely miss something. Your headbutt misses something.
The grasping roots constrict something!
You feel extremely sick. Something hits you.
* * * LOW HITPOINT WARNING * * *
You completely miss something.
You feel very sick. Something hits you but does no damage. Something hits you.
* * * LOW HITPOINT WARNING * * *
Something burns you.
* * * LOW HITPOINT WARNING * * *
Aiming: Fastroot
Press: ? - help, Shift-Dir - straight line The roots erupt in riotous growth!
Roots grab something.
The grasping roots constrict something.
You feel very sick. Something hits you!
* * * LOW HITPOINT WARNING * * *
Something burns you.
* * * LOW HITPOINT WARNING * * *
You miss something.
* * * LOW HITPOINT WARNING * * *
You feel very sick. Something hits you but does no damage. Something hits you.
* * * LOW HITPOINT WARNING * * *
Unknown command.
You closely miss something.
You die...

#.....# #.....#
#.....# ### #.....#
#.. #...†.# #.^
..####=....######..
#...................
#.#####.....########
#.{@.....####
#.$..........#
#.####..:..).#
+.......# #.......#
......#### ..#....#
..#....#


There were no monsters in sight!

Vanquished Creatures
  2 water moccasins
  2 sky beasts
  An orc warrior (D:7)
  3 black bears
  2 ogres
  A bullfrog (D:6)
  2 scorpions
  6 killer bees
  A howler monkey (D:6)
  5 orc priests
  A jelly (D:6)
  A sleepcap (D:6)
  Jessica (D:2)
  4 iguanas
  Terence (D:2)
  Natasha (thrice) (D:4)
  5 orc wizards
  11 adders
  A shadow imp (D:6)
  3 white imps
  2 worms
  3 dart slugs (D:1)
  12 orcs
  12 ball pythons
  4 endoplasms
  3 giant cockroaches
  6 goblins
  5 hobgoblins
  3 jackals (D:2)
  10 kobolds
  2 quokkas
  3 bats
  6 frilled lizards
  5 rats
132 creatures vanquished.

Notes
Turn   | Place    | Note
-------+----------+-------------------------------------------
     0 | D:1      | Pooter the Minotaur Fighter began the quest for the Orb.
     0 | D:1      | Reached XP level 1. HP: 19/19 MP: 0/0
    92 | D:1      | Reached skill level 3 in Axes
   126 | D:1      | Reached XP level 2. HP: 27/27 MP: 1/1
   328 | D:1      | Reached XP level 3. HP: 33/33 MP: 2/2
   590 | D:2      | Noticed Jessica
   594 | D:2      | Killed Jessica
   595 | D:2      | Reached skill level 4 in Axes
   692 | D:2      | Found a faded altar of an unknown god.
   713 | D:2      | Noticed Terence
   718 | D:2      | Killed Terence
   719 | D:2      | Reached XP level 4. HP: 40/41 MP: 3/3
  1028 | D:2      | Reached skill level 5 in Axes
  1524 | D:3      | Reached XP level 5. HP: 43/47 MP: 4/4
  1663 | D:3      | Reached skill level 5 in Fighting
  1828 | D:3      | Reached skill level 6 in Axes
  2079 | D:3      | Found a bloodstained altar of Trog.
  2079 | D:3      | Found a basalt altar of Yredelemnul.
  2218 | D:4      | Noticed an ogre
  2226 | D:4      | HP: 1/48 [ogre/+0 giant club (17)]
  2227 | D:4      | Killed an ogre
  2228 | D:4      | Reached XP level 6. HP: 2/56 MP: 5/5
  2413 | D:4      | Noticed Natasha
  2420 | D:4      | Killed Natasha
  2482 | D:4      | Reached skill level 7 in Axes
  2577 | D:4      | Gained mutation: Your spells are a little easier to cast,
                  | but a little less powerful. [potion of mutation]
  2578 | D:4      | Lost mutation: Your spells are a little easier to cast, but
                  | a little less powerful. [potion of mutation]
  2578 | D:4      | Gained mutation: You have sharp toenails. [potion of
                  | mutation]
  2579 | D:4      | Lost mutation: You have sharp toenails. [potion of
                  | mutation]
  2579 | D:4      | Gained mutation: Your flesh is cold resistant. (rC+)
                  | [potion of mutation]
  2579 | D:4      | Gained mutation: Your spells are a little harder to cast,
                  | but a little more powerful. [potion of mutation]
  2579 | D:4      | Gained mutation: You are partially covered in iridescent
                  | scales. (AC +2) [potion of mutation]
  2603 | D:4      | Found Voyfetu's Weapon Shop.
  2633 | D:4      | Noticed a sky beast
  2641 | D:4      | Killed a sky beast
  2762 | D:4      | Noticed Natasha
  2767 | D:4      | Killed Natasha
  2768 | D:4      | Reached XP level 7. HP: 63/63 MP: 6/6
  2843 | D:4      | Noticed Natasha
  2849 | D:4      | Killed Natasha
  3207 | D:5      | Entered Level 5 of the Dungeon
  3232 | D:5      | Found a staircase to the Ecumenical Temple.
  3244 | Temple   | Entered the Ecumenical Temple
  3276 | Temple   | Became a worshipper of Warmaster Okawaru
  3606 | D:5      | Reached skill level 8 in Axes
  3606 | D:5      | Reached skill level 1 in Ranged Weapons
  3880 | D:5      | Found a blossoming altar of Fedhas.
  4162 | D:6      | Reached * piety under Okawaru
  4163 | D:6      | Reached XP level 8. HP: 73/73 MP: 7/7
  4328 | D:6      | Found a hide-covered altar of Uskayaw.
  4443 | D:6      | Found a glowing silver altar of Zin.
  4747 | D:6      | Reached skill level 9 in Axes
  4924 | D:6      | Identified the +1 leather armour of Rusoeq {rElec Stlth+}
  5217 | D:6      | Reached skill level 5 in Ranged Weapons
  5480 | D:7      | Reached skill level 10 in Axes
  5751 | D:7      | Reached XP level 9. HP: 50/81 MP: 8/8
  6296 | D:8      | Found a shadowy altar of Dithmenos.
  6417 | D:8      | Reached skill level 1 in Invocations
  6425 | D:8      | Noticed Erica
  6436 | D:8      | HP: 1/81 [something (4)]
  6437 | D:8      | Succumbed to Erica's bolt of poison

Illustrated notes

Levels and vault maps discovered:
D:1:      onia_arrival_mini_spirals, layout_rooms, minmay_distorted
D:2:      layout_loops_ring, ebering_ecumenical_altar_rust,
          hangedman_glass_teeth, uniq_jessica, uniq_terence
D:3:      layout_basic, gammafunk_temple_overflow_statue
D:4:      layout_basic, serial_shops, shop, uniq_natasha
D:5:      layout_rooms, old_standard_altar, minmay_temple_entry_waves,
          grunt_ministairs_1
D:6:      layout_layer_cave, mainiacjoe_overflow_alcove_1, lemuel_doored_altar,
          minmay_fractal_squares_diagonal_5
D:7:      layout_basic, serial_shops, shop, uniq_menkaure
D:8:      layout_basic, general_overflow_altar, kennysheep_generic_room_2,
          uniq_erica, uniq_prince_ribbit1
Temple:   minmay_temple_curvy_branch

Skill      XL: |  1  2  3  4  5  6  7  8  9 |
---------------+----------------------------+-----
Axes           | 3 4 5 6 7 8 10 | 10.5
Fighting       | 4 5 6 7 8 |  8.1
Ranged Weapons | 3 5 6 |  6.1
Invocations    | 1 |  1.1
Armour         | |  3.6
Shields        | |  3.6
Evocations     | |  0.5

Action                     |  1- 3 |  4- 6 |  7- 9 || total
---------------------------+-------+-------+-------++-------
  Melee: War axe           |    60 |    93 |   158 ||   311
         Headbutt          |     5 |    15 |    29 ||    49
   Fire: Sling             |       |       |     8 ||     8
  Throw: Stone             |     8 |     4 |     2 ||    14
         Dart              |       |     6 |     5 ||    11
         Boomerang         |       |       |     3 ||     3
 Invoke: Heroism           |       |       |     4 ||     4
  Evoke: Wand              |       |       |    14 ||    14
    Use: Scroll            |     4 |     5 |     5 ||    14
         Potion            |       |     4 |       ||     4
 Armour: Scale mail        |    15 |       |       ||    15
         Plate armour      |    32 |    72 |   199 ||   303
  Dodge: Dodged            |    23 |    22 |    41 ||    86
  Block: Buckler           |    10 |    17 |    48 ||    75

Table legend: (Time is in decaauts)
 A = Elapsed time spent in this place.
 B = Non-inter-level travel time spent in this place.
 C = Inter-level travel time spent in this place.
 D = Time resting spent in this place.
 E = Time spent auto-exploring this place.
 F = Levels seen in this place.
 G = Mean time per level.
                   A        B        C        D        E       F      G
               +--------+--------+--------+--------+--------+-----+--------+
         Total |   6496 |   6234 |    262 |   1038 |   4118 |   9 |  721.8 |
       Dungeon |   6438 |   6200 |    238 |   1038 |   4118 |   8 |  804.8 |
        Temple |     57 |     33 |     24 |      0 |      0 |   1 |   57.0 |
               +--------+--------+--------+--------+--------+-----+--------+

Top non-repeatable levels by time:
     D:6: 1512 daAuts
     D:4: 1031 daAuts
     D:3: 890 daAuts
     D:7: 798 daAuts
     D:2: 731 daAuts
     D:5: 700 daAuts
     D:1: 600 daAuts
     D:8: 172 daAuts
  Temple: 57 daAuts
